 Dungeon Crawl Stone Soup version 0.28-a0-313-gbc0475efdd (webtiles) character file.

Game seed: 7188876294619527948

46823 runemasterragnar the Swashbuckler (level 14, -1/88 HPs)
             Began as a Kobold Hunter on Aug 31, 2021.
             Was a High Priest of Dithmenos.
             Succumbed to a swamp dragon's poison gas
             ... on level 6 of the Lair of Beasts.
             The game lasted 00:30:44 (23895 turns).

runemasterragnar the Swashbuckler (Kobold Hunter)  Turns: 23895, Time: 00:30:45

Health: -1/88      AC: 14    Str:  9    XL:     14   Next: 78%
Magic:  16/16      EV: 22    Int: 14    God:    Dithmenos [*****.]
Gold:   1038       SH:  0    Dex: 19    Spells: 13/13 levels left

rFire   + + .      SeeInvis .   s - +9 quick blade (flame)
rCold   + . .      Faith    .   (shield restricted)
rNeg    . . .      Spirit   .   O - +3 leather armour {rF+}
rPois   .          Reflect  .   (no helmet)
rElec   .          Harm     .   n - scarf {shadows}
rCorr   .          Rampage  .   g - +0 pair of gloves
Will    +....      Clarity  +   k - +0 pair of boots Stlth *+++++++++Rnd*Tele +
                                E - amulet of the acrobat
HPRegen 0.24/turn               f - ring of protection from cold
MPRegen 0.15/turn               o - +4 ring of protection

@: lethally poisoned (-1 -> -28), flying, hasted, wreathed by umbra, very quick
A: small, no large weapons, nightstalker 3, iridescent scales 1, clarity, fire
resistance 1, mutation resistance 1, screaming 1, teleportitis 1
a: Renounce Religion, Shadow Step, Shadow Form


You were on level 6 of the Lair of Beasts.
You worshipped Dithmenos.
Dithmenos was extremely pleased with you.
You visited 2 branches of the dungeon, and saw 17 of its levels.
You also visited: Volcano.

You collected 1038 gold pieces.

Inventory:

Hand Weapons
 a - a +2 hand crossbow
 s - a +9 quick blade of flaming (weapon)
Missiles
 d - 31 bolts
 y - a throwing net (quivered)
 F - 52 poisoned darts
Armour
 c - a +0 leather armour
 g - a +0 pair of gloves (worn)
 k - a +0 pair of boots (worn)
 n - a scarf of shadows (worn)
 H - the +3 hat of Pondering {ponderous, Will+ MP+10 Int+5}
   (You took it off Gastronok on level 10 of the Dungeon)

   Int:       It affects your intelligence (+5).
   MP:        It affects your magic capacity (+10).
   Will:      It increases your willpower.
 M - the +0 pair of boots of the Cockatrice {rN+++ rCorr Str-4 Slay-4}
   (You found it in a volcano)

   Str:       It affects your strength (-4).
   Slay:      It affects your accuracy & damage with ranged weapons and melee
   (-4).
   rN:        It renders you almost immune to negative energy.
   rCorr:     It protects you from acid and corrosion.
 O - a +3 leather armour of fire resistance (worn)
 T - +0 acid dragon scales
Jewellery
 f - a ring of protection from cold (left hand)
 l - a +6 ring of strength
 o - a +4 ring of protection (right hand)
 q - a ring of protection from cold
 r - a ring of flight
 E - an amulet of the acrobat (around neck)
Wands
 t - a wand of iceblast (15)
 D - a wand of paralysis (3)
 L - a wand of digging (13)
 P - a wand of mindburst (23)
Scrolls
 b - 2 scrolls of enchant weapon
 i - a scroll of magic mapping
 j - a scroll of fog
 p - 2 scrolls of silence
 v - a scroll of enchant armour
 w - 2 scrolls of identify
 C - 4 scrolls of teleportation
 I - a scroll of fear
 K - a scroll of vulnerability
 Q - a scroll of brand weapon
 S - a scroll of summoning {unknown}
Potions
 e - a potion of berserk rage
 h - a potion of mutation
 m - a potion of ambrosia
 x - a potion of might
 z - a potion of magic {unknown}
 A - 2 potions of attraction {unknown}
 B - 3 potions of cancellation
 G - 5 potions of heal wounds {unknown}
 J - a potion of invisibility
 N - 5 potions of haste
 R - a potion of brilliance


   Skills:
 + Level 10.9 Fighting
 - Level 18.1 Short Blades
 + Level 15.1 Crossbows
 + Level 11.9 Dodging
 + Level 13.6 Stealth
 - Level 3.3 Invocations
 + Level 6.3 Evocations


You had 13 spell levels left.
You didn't know any spells.
Your spell library contained the following spells:

 Spells                   Type           Power      Damage    Failure   Level
 Blink                    Tloc           N/A        N/A       52%         2
 Corpse Rot               Necr/Air       N/A        N/A       52%         2
 Slow                     Hex            0%         N/A       52%         2
 Call Canine Familiar     Summ           0%         N/A       77%         3
 Confusing Touch          Hex            0%         N/A       77%         3
 Gell's Gravitas          Tloc           0%         N/A       77%         3
 Lesser Beckoning         Tloc           0%         N/A       77%         3
 Portal Projectile        Hex/Tloc       0%         N/A       77%         3
 Teleport Other           Tloc           0%         N/A       77%         3
 Airstrike                Air            0%         N/A       99%         4
 Animate Dead             Necr           0%         N/A       99%         4
 Dispel Undead            Necr           0%         3d6       99%         4
 Leda's Liquefaction      Hex/Erth       0%         N/A       99%         4
 Summon Lightning Spire   Summ/Air       0%         N/A       99%         4
 Blade Hands              Tmut           0%         N/A       100%        5
 Irradiate                Conj/Tmut      0%         3d13      100%        5
 Lightning Bolt           Conj/Air       0%         1d11      100%        5
 Manifold Assault         Tloc           0%         N/A       100%        5
 Yara's Violent Unravell  Hex/Tmut       0%         3d3       100%        5
 Death Channel            Necr           0%         N/A       100%        6
 Dispersal                Tloc           0%         N/A       100%        6
 Dragon Form              Tmut           0%         N/A       100%        7
 Haunt                    Necr/Summ      0%         N/A       100%        7
 Storm Form               Tmut/Air       0%         N/A       100%        7
 Infestation              Necr           0%         N/A       100%        8
 Maxwell's Capacitive Co  Air            0%         ∞         100%        8


Dungeon Overview and Level Annotations

Branches:
Dungeon (11/15)            Temple (0/1) D:6            Lair (6/6) D:8
  Swamp (0/4) Lair:3        Snake (0/4) Lair:4        Slime (0/5) Lair:5
    Orc (0/2) D:10        Volcano (visited)

Altars:
Dithmenos
Hepliaklqana
Kikubaaqudgha
Makhleb
Nemelex Xobeh
Qazlal
Trog
Vehumet
The Shining One

Shops:
D:2 (   D:4 :

Annotations:
D:6 3 runed translucent doors, Pikel
D:7 1 transporter, barkas's ghost, novice NaSu
Lair:4 exclusion: oklob plant


Innate Abilities, Weirdness & Mutations

You are small and have problems with some larger weapons.
You are completely attuned to the shadows.
You are partially covered in iridescent scales. (AC +2)
You possess an exceptional clarity of mind.
Your flesh is heat resistant. (rF+)
You are somewhat resistant to further mutation.
You occasionally shout uncontrollably at your foes.
You are occasionally teleported next to monsters.


Message History

Dithmenos accepts your kill.
You hear a splash.
The iceblast engulfs the fire dragon!
The fire dragon is frozen!
The fire dragon is moderately wounded.
A nearby plant withers and dies.
The swamp dragon breathes poison at you.
The blast of poison misses you. The fire dragon completely misses you.
The fire dragon claws you but does no damage.
The fire dragon tramples you.
You are shoved backwards!
Unknown command.
Unknown command.
You are engulfed in poison gas.
You are poisoned.
You feel very sick. The fire dragon misses you.
The fire dragon barely misses you. x2
You are engulfed in poison gas.
You are more poisoned.
You feel extremely sick.
You feel extremely sick.
As you read the scroll of teleportation, it crumbles to dust.
You feel strangely unstable.
You feel very sick. The fire dragon bites you!
The fire dragon barely misses you. The fire dragon closely misses you.
You feel very sick.
You feel very sick.
You feel very sick.
The swamp dragon breathes poison at you.
The blast of poison engulfs you.
You are more poisoned.
* * * LOW HITPOINT WARNING * * *
Unknown command.
You are engulfed in poison gas.
You are lethally poisoned!
* * * LOW HITPOINT WARNING * * *
Your surroundings suddenly seem different.
* * * LOW HITPOINT WARNING * * *
You feel extremely sick.
Unknown command.
It was a potion of haste.
You feel yourself speed up.
You die...

♣♣♣..≈≈♣♣. ♣♣.†P.≈♣♣
♣♣..†≈≈♣♣ ♣..♣..♣♣
♣♣..≈≈♣♣ [?..≈≈.
♣♣.♣.≈≈♣ .?..≈≈≈.
♣...P≈≈♣♣ ($.≈≈≈≈.
♣P.P♣≈..♣♣$.$.≈○≈≈
♣♣.♣♣@≈≈..♣♣♣♣○○≈≈≈
♣P.♣≈≈♣♣≈.P♣♣.○≈○≈≈.
♣♣.P≈♣♣P.≈.♣♣♣○≈≈≈≈≈♣
♣†.≈≈♣♣♣.♣≈≈♣♣.≈≈≈≈.♣
♣♣..♣♣.♣..≈?.♣♣..≈≈≈♣
♣≈≈≈♣P.♣...♣♣♣.D≈.≈.♣
......
♣..♣♣♣..♣♣.≈.♣♣§.≈..♣
.....####
♣♣≈≈♣♣...♣≈.○☼☼○†P.♣♣
.......#.#
♣♣≈†♣♣.♣♣♣♣≈≈○☼☼P..♣


There were no monsters in sight!

Vanquished Creatures
  Gastronok (D:10)
  A boulder beetle (Lair:5)
  A centaur warrior (Volcano)
  5 hydras
  A two-headed ogre (D:10)
  5 death yaks (Lair:6)
  A hell knight (Volcano)
  Urug (Lair:5)
  An oklob plant (Lair:4)
  2 cyclopes (D:11)
  A manticore (D:11)
  2 black mambas (Lair:4)
  18 elephants
  11 cane toads
  A torpor snail (Lair:4)
  Psyche (D:8)
  2 kobold demonologists
  3 rime drakes
  7 komodo dragons
  3 trolls
  A hornet (D:10)
  2 polar bears
  29 blink frogs
  5 wyverns
  A meliai zombie (D:9)
  21 yaks
  5 basilisks
  2 steam dragons (Lair:6)
  3 acid dragons
  22 water moccasins
  4 orc warriors
  A swamp drake (Lair:6)
  A sky beast (D:6)
  3 black bears
  3 ice beasts
  A necrophage (D:6)
  8 centaurs
  17 wolves
  3 ogres
  A lemure (D:6)
  A phantom (D:7)
  3 kobold brigands
  13 bullfrogs
  3 gnoll sergeants (D:7)
  4 scorpions
  A water moccasin zombie (D:5)
  A wyvern skeleton (D:7)
  7 killer bees (D:9)
  7 wights
  2 howler monkeys
  A lava snake (D:7)
  A centaur zombie (D:8)
  2 gnoll shamans
  2 jellies
  A bullfrog skeleton (D:4)
  2 centaur skeletons
  A hound (D:6)
  7 iguanas
  6 orc wizards
  A howler monkey zombie (D:7)
  11 gnolls
  4 adders
  A white imp (D:7)
  A worm (D:3)
  3 dart slugs
  28 orcs
  2 bat skeletons (D:2)
  6 endoplasms
  4 giant cockroaches
  5 goblins
  4 hobgoblins
  22 kobolds
  3 quokkas
  5 ball pythons
  7 bats
  4 frilled lizards
  A quokka skeleton (D:2)
  A quokka zombie (D:2)
  5 rats
384 creatures vanquished.

Vanquished Creatures (others)
  A quokka (D:5)
  54 fungi
  76 plants
131 creatures vanquished.

Grand Total: 515 creatures vanquished

Notes
Turn   | Place    | Note
-------+----------+-------------------------------------------
     0 | D:1      | runemasterragnar the Kobold Hunter began the quest for the
                  | Orb.
     0 | D:1      | Reached XP level 1. HP: 12/12 MP: 1/1
   242 | D:1      | Reached XP level 2. HP: 18/18 MP: 2/2
   422 | D:1      | Reached skill level 1 in Short Blades
   429 | D:1      | Reached skill level 5 in Crossbows
   820 | D:1      | Reached XP level 3. HP: 13/22 MP: 3/3
  1351 | D:2      | Found Hekkupt's Antique Weapon Boutique.
  1452 | D:2      | Found a faded altar of an unknown god.
  1475 | D:2      | Found a glowing golden altar of the Shining One.
  1631 | D:2      | Reached XP level 4. HP: 25/27 MP: 4/4
  1702 | D:2      | Became a worshipper of Dithmenos the Shadowed
  1702 | D:2      | Reached * piety under Dithmenos
  2418 | D:3      | Reached skill level 2 in Short Blades
  3125 | D:3      | Gained mutation: You are partially covered in iridescent
                  | scales. (AC +2) [potion of mutation]
  3125 | D:3      | Gained mutation: Your spells are a little easier to cast,
                  | but a little less powerful. [potion of mutation]
  3126 | D:3      | Lost mutation: You are partially covered in iridescent
                  | scales. (AC +2) [potion of mutation]
  3126 | D:3      | Lost mutation: Your spells are a little easier to cast, but
                  | a little less powerful. [potion of mutation]
  3126 | D:3      | Gained mutation: You do not regenerate when monsters are
                  | visible. [potion of mutation]
  3126 | D:3      | Gained mutation: You have a pair of small horns on your
                  | head. [potion of mutation]
  3126 | D:3      | Gained mutation: Your mind is acute. (Int +2) [potion of
                  | mutation]
  3940 | D:4      | Lost mutation: You have a pair of small horns on your head.
                  | [potion of mutation]
  3940 | D:4      | Lost mutation: Your mind is acute. (Int +2) [potion of
                  | mutation]
  3940 | D:4      | Gained mutation: You have hidden genetic defects. [potion
                  | of mutation]
  3940 | D:4      | Gained mutation: You are partially covered in iridescent
                  | scales. (AC +2) [potion of mutation]
  3940 | D:4      | Gained mutation: You have a pair of small horns on your
                  | head. [potion of mutation]
  3956 | D:4      | Noticed a bullfrog
  3972 | D:4      | Killed a bullfrog
  3973 | D:4      | Reached skill level 3 in Short Blades
  3973 | D:4      | Reached XP level 5. HP: 18/32 MP: 5/5
  3989 | D:4      | Gained mutation: You are frail. (-10% HP) [hidden defects]
  4020 | D:4      | Noticed a black bear
  4027 | D:4      | Killed a black bear
  4028 | D:4      | Reached skill level 1 in Invocations
  4028 | D:4      | Reached XP level 6. HP: 19/33 MP: 6/6
  4052 | D:4      | Gained mutation: You are clumsy. (Dex -2) [hidden defects]
  4052 | D:4      | Lost mutation: You have hidden genetic defects. [hidden
                  | defects expressed]
  4769 | D:4      | Noticed an ogre
  4778 | D:4      | Killed an ogre
  4778 | D:4      | Reached ** piety under Dithmenos
  4779 | D:4      | Reached skill level 4 in Short Blades
  4779 | D:4      | Reached XP level 7. HP: 29/36 MP: 8/8
  5596 | D:4      | Found Hauwnaw's Book Emporium.
  5700 | D:5      | Entered Level 5 of the Dungeon
  5797 | D:5      | Found a glowing golden altar of the Shining One.
  5808 | D:5      | Noticed a wyvern
  5828 | D:5      | Killed a wyvern
  5829 | D:5      | Reached skill level 5 in Short Blades
  6251 | D:5      | Found a sparkling altar of Nemelex Xobeh.
  6381 | D:5      | Reached XP level 8. HP: 43/43 MP: 9/9
  6399 | D:5      | Lost mutation: You are partially covered in iridescent
                  | scales. (AC +2) [potion of mutation]
  6399 | D:5      | Lost mutation: You are frail. (-10% HP) [potion of
                  | mutation]
  6399 | D:5      | Gained mutation: You occasionally shout uncontrollably at
                  | your foes. [potion of mutation]
  6399 | D:5      | Gained mutation: Potions are less effective at restoring
                  | your health. [potion of mutation]
  6399 | D:5      | Gained mutation: You are partially covered in iridescent
                  | scales. (AC +2) [potion of mutation]
  6400 | D:5      | Lost mutation: Potions are less effective at restoring your
                  | health. [potion of mutation]
  6400 | D:5      | Lost mutation: You do not regenerate when monsters are
                  | visible. [potion of mutation]
  6400 | D:5      | Gained mutation: You are occasionally teleported next to
                  | monsters. [potion of mutation]
  6400 | D:5      | Gained mutation: You are covered in fur. (AC +1) [potion of
                  | mutation]
  6401 | D:5      | Lost mutation: You are clumsy. (Dex -2) [potion of
                  | mutation]
  6401 | D:5      | Lost mutation: You have a pair of small horns on your head.
                  | [potion of mutation]
  6401 | D:5      | Lost mutation: You are covered in fur. (AC +1) [potion of
                  | mutation]
  6401 | D:5      | Gained mutation: Your flesh is cold resistant. (rC+)
                  | [potion of mutation]
  7136 | D:5      | Found a stormy altar of Qazlal.
  7243 | D:6      | Noticed a yak
  7290 | D:6      | Found a staircase to the Ecumenical Temple.
  7310 | D:6      | Reached skill level 5 in Stealth
  7430 | D:6      | Reached skill level 6 in Short Blades
  7653 | D:6      | Noticed Pikel
  7669 | D:6      | Found a runed translucent gate.
  7669 | D:6      | Found a runed translucent gate.
  7669 | D:6      | Found a runed translucent gate.
  7776 | D:7      | Identified 2 scrolls of acquirement
  7776 | D:7      | Acquired a manual of Short Blades
  7778 | D:7      | Acquired a +6 quick blade
  7825 | D:7      | Reached skill level 5 in Dodging
  8018 | D:7      | Found an ancient bone altar of Kikubaaqudgha.
  8080 | D:6      | Reached XP level 9. HP: 52/52 MP: 11/11
  8107 | D:6      | Reached skill level 7 in Short Blades
  8397 | D:6      | Reached skill level 8 in Short Blades
  8860 | D:6      | Reached skill level 5 in Fighting
  9243 | D:6      | Reached skill level 9 in Short Blades
  9758 | D:7      | Reached skill level 10 in Short Blades
  9773 | D:7      | Reached XP level 10. HP: 60/60 MP: 12/12
  9803 | D:7      | Found a radiant altar of Vehumet.
  9951 | D:7      | Found a hazy altar of Hepliaklqana.
 10611 | D:7      | Identified the +3 buckler of Quof Baj {Str-2 Int+2 Dex+6}
 10634 | D:7      | Found a transporter.
 10713 | D:7      | Found a transporter.
 11085 | D:7      | Identified the ring "Kolui" {Int+6 SInv}
 11100 | D:7      | Reached skill level 11 in Short Blades
 11239 | D:7      | Noticed barkas's ghost (novice NaSu)
 11795 | D:8      | Found a staircase to the Lair.
 11805 | D:8      | Noticed Psyche
 11808 | D:8      | Killed Psyche
 11909 | D:8      | Found a burning altar of Makhleb.
 12072 | D:8      | Reached skill level 10 in Crossbows
 12528 | D:8      | Reached *** piety under Dithmenos
 12774 | D:9      | Reached skill level 12 in Short Blades
 13733 | D:9      | Reached XP level 11. HP: 57/66 MP: 13/13
 13817 | D:9      | Found a bloodstained altar of Trog.
 14132 | D:10     | Entered Level 10 of the Dungeon
 14182 | D:10     | Reached skill level 13 in Short Blades
 14313 | D:10     | Lost mutation: You are partially covered in iridescent
                  | scales. (AC +2) [potion of mutation]
 14313 | D:10     | Lost mutation: Your flesh is cold resistant. (rC+) [potion
                  | of mutation]
 14313 | D:10     | Gained mutation: You tend to lose your temper in combat.
                  | [potion of mutation]
 14313 | D:10     | Gained mutation: Your muscles are strong. (Str +2) [potion
                  | of mutation]
 14369 | D:10     | Noticed a two-headed ogre
 14372 | D:10     | Killed a two-headed ogre
 14373 | D:10     | Noticed Gastronok
 14397 | D:10     | Killed Gastronok
 14398 | D:10     | Reached skill level 14 in Short Blades
 14515 | D:10     | Reached **** piety under Dithmenos
 15176 | D:10     | Found a staircase to the Orcish Mines.
 15784 | D:11     | Noticed a cyclops
 15787 | D:11     | Killed a cyclops
 16091 | D:11     | Noticed a cyclops
 16094 | D:11     | Killed a cyclops
 16215 | D:11     | Noticed a manticore
 16218 | D:11     | Killed a manticore
 16219 | D:11     | Reached skill level 15 in Short Blades
 16239 | D:11     | Noticed a boulder beetle
 16457 | Lair:1   | Entered Level 1 of the Lair of Beasts
 16587 | Lair:1   | Reached XP level 12. HP: 73/73 MP: 14/14
 16795 | Lair:1   | Reached skill level 10 in Stealth
 17058 | Lair:1   | Lost mutation: Your muscles are strong. (Str +2) [potion of
                  | mutation]
 17058 | Lair:1   | Lost mutation: You tend to lose your temper in combat.
                  | [potion of mutation]
 17058 | Lair:1   | Gained mutation: You are partially covered in iridescent
                  | scales. (AC +2) [potion of mutation]
 17058 | Lair:1   | Gained mutation: You have large cloven feet. [potion of
                  | mutation]
 17058 | Lair:1   | Gained mutation: You possess an exceptional clarity of
                  | mind. [potion of mutation]
 17059 | Lair:1   | Lost mutation: You have large cloven feet. [potion of
                  | mutation]
 17059 | Lair:1   | Gained mutation: Your flesh is heat resistant. (rF+)
                  | [potion of mutation]
 17059 | Lair:1   | Gained mutation: You are somewhat resistant to further
                  | mutation. [potion of mutation]
 17431 | Lair:2   | Reached skill level 16 in Short Blades
 17485 | Lair:2   | Found a dark tunnel.
 17489 | Volcano  | Entered a volcano
 17554 | Volcano  | Noticed a centaur warrior
 17557 | Volcano  | Killed a centaur warrior
 17562 | Volcano  | Identified the +0 pair of boots of the Cockatrice {rN+++
                  | rCorr Str-4 Slay-4}
 17565 | Volcano  | Identified the +1 robe of Polish {Harm Stlth+}
 17638 | Volcano  | Noticed a hell knight
 17641 | Volcano  | Killed a hell knight
 18064 | Lair:2   | Noticed a death yak
 18066 | Lair:2   | Noticed a death yak
 18067 | Lair:2   | Noticed a death yak
 18067 | Lair:2   | Noticed a death yak
 18067 | Lair:2   | Noticed a death yak
 18386 | Lair:3   | Reached skill level 17 in Short Blades
 18877 | Lair:3   | Found a staircase to the Swamp.
 18878 | Lair:3   | Noticed a seven-headed hydra
 18883 | Lair:3   | Killed a seven-headed hydra
 18884 | Lair:3   | Reached XP level 13. HP: 80/80 MP: 15/15
 19495 | Lair:4   | Noticed a seven-headed hydra
 19522 | Lair:4   | Found a staircase to the Snake Pit.
 19525 | Lair:4   | Noticed a four-headed hydra
 19556 | Lair:4   | Killed a four-headed hydra
 19717 | Lair:4   | Reached ***** piety under Dithmenos
 19718 | Lair:4   | Reached skill level 10 in Dodging
 19796 | Lair:4   | Noticed a four-headed hydra
 19808 | Lair:4   | Killed a four-headed hydra
 19934 | Lair:4   | Reached skill level 18 in Short Blades
 20193 | Lair:4   | Reached skill level 1 in Evocations
 20534 | Lair:4   | Killed a seven-headed hydra
 21460 | Lair:5   | Noticed Urug
 21553 | Lair:5   | Reached XP level 14. HP: 43/87 MP: 16/16
 21828 | Lair:5   | Reached skill level 10 in Fighting
 21909 | Lair:5   | Found a staircase to the Slime Pits.
 22529 | Lair:5   | Killed Urug
 22714 | Lair:6   | Entered Level 6 of the Lair of Beasts
 22941 | Lair:6   | Reached skill level 5 in Evocations
 23395 | Lair:6   | Reached skill level 15 in Crossbows
 23894 | Lair:6   | HP: 4/88 [poisoned by a swamp dragon (poison gas)]
 23895 | Lair:6   | Succumbed to a swamp dragon's poison gas

Illustrated notes

Levels and vault maps discovered:
D:1:      dpeg_arrival_erosion, layout_basic
D:2:      layout_loops_corners, serial_shops, nicolae_shop_overgrown_old_shop,
          basic_altar, serial_undead, serial_undead_d, serial_undead_a,
          serial_undead_d, serial_undead_f, serial_undead_e, serial_undead_e,
          hellmonk_ecumenical_altar_pennies_from_heaven,
          corexii_leaking_fountain, lexackson_kobold_supper
D:3:      layout_basic
D:4:      layout_rooms, serial_shops, shop_statue, minmay_misc_feat_nine_boxes,
          kennysheep_generic_room_6
D:5:      layout_basic, mainiacjoe_overflow_tiny_flanked,
          mainiacjoe_overflow_small_starburst, nicolae_qazlal_eye_of_the_storm
D:6:      kennysheep_big_flooded_room, layout_basic, minmay_temple_entry_trees,
          gammafunk_ghost_cemetery, uniq_pikel
D:7:      layout_basic, worldfamousw_hep_ancestral_shrine,
          mainiacjoe_overflow_cross_hatched, overflow_temple_1_default,
          gammafunk_ghost_gnarly_gnolls, nicolae_lava_and_water,
          minmay_misc_feat_roman
D:8:      layout_loops_ring, bloody_makhleb, david_lair_shrubbed, uniq_psyche
D:9:      layout_roguey, trog_book, minmay_starry_boxes
D:10:     layout_small_grid, hiddenorc1_lemuel, uniq_gastronok
D:11:     layout_roguey, serial_curves, eino_curves_04, eino_curves_02,
          fedhas_altar_fruit_tree
Lair:1:   layout_roguey
Lair:2:   layout_regular_city, lightli_volcano_entry_magma_tube,
          lemuel_fruit_fields
Lair:3:   layout_regular_city, minmay_swamp_entry_reptiles
Lair:4:   layout_long_grid, dummy_snake_entry, serial_bayou_shore_b,
          minmay_lair_oklob_chamber, grunt_megastairs_1
Lair:5:   layout_regular_city, dpeg_slime_entry_corner, uniq_urug
Lair:6:   guppyfry_lair_end_dragon, layout_loops_ring

Skill      XL: |  1  2  3  4  5  6  7  8  9 10 11 12 13 14 |
---------------+-------------------------------------------+-----
Short Blades   | 1 3 4 5 6 10 12 15 17 18 | 18.1
Crossbows      | 5 6 7 9 10 12 13 14 15 | 15.1
Stealth        | 2 3 4 5 6 8 9 11 12 13 | 13.6
Dodging        | 3 4 5 6 7 8 9 10 11 | 11.9
Fighting       | 3 4 5 6 7 8 9 10 | 10.9
Invocations    | 1 2 3 |  3.3
Evocations     | 3 6 |  6.3

Action                   |  1- 3 |  4- 6 |  7- 9 | 10-12 | 13-15 || total
-------------------------+-------+-------+-------+-------+-------++-------
Melee: Short sword       |    96 |   108 |   136 |       |       ||   340
       Headbutt          |       |     3 |    11 |       |       ||    14
       Unarmed           |       |       |    10 |       |       ||    10
       Quick blade       |       |       |   101 |   636 |   618 ||  1355
 Fire: Hand crossbow     |       |    49 |    36 |     4 |       ||    89
Invok: Shadow Step       |       |       |       |     1 |       ||     1
Evoke: Wand              |       |       |       |     8 |    12 ||    20
  Use: Potion            |       |     7 |     5 |     6 |     2 ||    20
       Scroll            |       |     2 |     8 |    13 |     2 ||    25
 Stab: Sleeping          |    16 |     8 |    16 |    47 |    33 ||   120
       Distracted        |       |     1 |     1 |     2 |     6 ||    10
       Invisible         |       |       |       |     3 |       ||     3
       Paralysed         |       |       |       |     1 |     1 ||     2
Armor: Leather armour    |    26 |    40 |    58 |    43 |    73 ||   240
       Skin              |       |       |     8 |       |       ||     8
Dodge: Dodged            |    64 |   110 |   166 |   310 |   439 ||  1089

Table legend: (Time is in decaauts)
 A = Elapsed time spent in this place.
 B = Non-inter-level travel time spent in this place.
 C = Inter-level travel time spent in this place.
 D = Time resting spent in this place.
 E = Time spent auto-exploring this place.
 F = Levels seen in this place.
 G = Mean time per level.
                   A        B        C        D        E       F      G
               +--------+--------+--------+--------+--------+-----+--------+
         Total |  22986 |  22084 |    902 |   3688 |  15460 |  18 | 1277.0 |
       Dungeon |  16084 |  15339 |    745 |   3620 |   9841 |  11 | 1462.2 |
          Lair |   6571 |   6414 |    157 |     68 |   5372 |   6 | 1095.2 |
       Volcano |    330 |    330 |      0 |      0 |    247 |   1 |  330.0 |
               +--------+--------+--------+--------+--------+-----+--------+

Top non-repeatable levels by time:
     D:7: 2285 daAuts
     D:6: 2104 daAuts
     D:4: 1769 daAuts
    D:10: 1544 daAuts
  Lair:5: 1535 daAuts
     D:5: 1534 daAuts
     D:2: 1505 daAuts
  Lair:4: 1479 daAuts
     D:3: 1331 daAuts
     D:9: 1322 daAuts
  Lair:3: 1285 daAuts
     D:1: 1098 daAuts
  Lair:6: 1026 daAuts
     D:8: 994 daAuts
  Lair:1: 903 daAuts
